 Dungeon Crawl Stone Soup version 0.29.1-4-g47bece8355 (webtiles) character file.

Game seed: 10792143745945854762

385 KittyFluff the Trooper (level 6, -7/38 HPs)
             Began as a Gargoyle Berserker on Dec 1, 2022.
             Was a Believer of Trog.
             Killed from afar by Dowan (12 damage)
             ... with a stone arrow
             ... on level 4 of the Dungeon.
             The game lasted 00:13:30 (2975 turns).

KittyFluff the Trooper (Gargoyle Berserker)         Turns: 2975, Time: 00:13:31

Health: -7/38      AC: 11    Str: 21    XL:     6   Next: 77%
Magic:  6/6        EV: 12    Int:  7    God:    Trog [**....]
Gold:   141        SH:  0    Dex: 11    Spells: 5/5 levels left

rFire   . . .      SeeInvis .   t - +0 quarterstaff
rCold   . . .      Faith    .   (shield currently unavailable)
rNeg    + . .      Spirit   .   z - +2 robe {Will+}
rPois   ∞          Reflect  .   y - +0 helmet
rElec   +          Harm     .   (no cloak)
rCorr   .          Rampage  .   (no gloves)
Will    +....                   d - +0 pair of boots
Stlth   ++........              l - amulet of regeneration
HPRegen 0.92/turn               e - ring of flight
MPRegen 0.10/turn               (no ring)

@: on berserk cooldown, flying, slowed, very slow
A: sickness immunity, AC +4, negative energy resistance 1, electricity
resistance, torment resistance 1, petrification resistance
a: Renounce Religion, Berserk, Trog's Hand


You were on level 4 of the Dungeon.
You worshipped Trog.
Trog was pleased with you.
You visited 1 branch of the dungeon, and saw 4 of its levels.

You collected 141 gold pieces.

Inventory:

Hand Weapons
 a - a +0 mace
 r - a +2 sling of flaming
 t - a +0 quarterstaff (weapon)
Missiles
 n - 33 stones (quivered)
Armour
 d - a +0 pair of boots (worn)
 f - a +0 leather armour
 y - a +0 helmet (worn)
 z - a +2 robe of willpower (worn)
Jewellery
 e - a ring of flight (left hand)
 l - an amulet of regeneration (around neck)
Scrolls
 m - 3 scrolls of teleportation {unknown}
 o - a scroll of amnesia {unknown}
 p - 2 scrolls of immolation {unknown}
 q - a scroll of noise {unknown}
 u - a scroll of magic mapping {unknown}
 v - a scroll of blinking {unknown}
 w - a scroll of enchant weapon {unknown}
 x - 2 scrolls of poison {unknown}
Potions
 b - a potion of invisibility
 c - 2 potions of lignification
 g - 2 potions of mutation
 j - a potion of curing {unknown}
 k - 2 potions of attraction {unknown}
 s - a potion of haste {unknown}


   Skills:
 + Level 4.0 Fighting
 + Level 3.8(4.3) Maces & Flails
 * Level 2.9(3.9) Staves
 * Level 2.9 Ranged Weapons
 * Level 3.5 Armour
 + Level 2.2 Dodging
 + Level 1.8 Stealth


You had 5 spell levels left.
You didn't know any spells.
Your spell library was empty.

Dungeon Overview and Level Annotations

Branches:
Dungeon (4/15)
 Temple: D:4-7

Altars:
Ashenzari
Makhleb
Nemelex Xobeh
Zin

Shops:
D:2 [

Annotations:
D:4 Dowan


Innate Abilities, Weirdness & Mutations

You are immune to sickness and miasma.
Your stone body is resilient. (AC +4)
You are immune to poison.
You resist negative energy. (rN+)
You are resistant to electric shocks. (rElec)
You are resistant to unholy torment.
You are immune to petrification.


Message History

Dowan gestures at you while chanting. You resist with almost no effort.
You barely miss Duvessa.
Duvessa is lightly wounded.
Duvessa hits you but does no damage.
Dowan hits you with a +2 dagger of venom.
You thump Duvessa!
Duvessa is heavily wounded.
Duvessa closely misses you. Dowan completely misses you.
Duvessa hits you with a +0 short sword.
You hit Duvessa.
Duvessa is heavily wounded.
Duvessa closely misses you.
Dowan points at you and mumbles some strange words.
You resist with almost no effort.
You barely miss Duvessa.
Duvessa is heavily wounded.
Duvessa hits you but does no damage.
You sock Duvessa!
Duvessa is almost dead.
You are no longer berserk.
You are exhausted.
You feel yourself slow down. Dowan closely misses you.
Duvessa hits you with a +0 short sword.
* * * LOW HITPOINT WARNING * * *
You hit Duvessa.
You kill Duvessa!
Trog accepts your kill.
Dowan's eyes darken. "You have made a black mistake."
Dowan seems to find hidden reserves of power!
Dowan hits you with a +2 dagger of venom.
* * * LOW HITPOINT WARNING * * *
Dowan hits you with a +2 dagger of venom.
* * * LOW HITPOINT WARNING * * *
Your Fighting skill increases to level 4!
You sock Dowan!
Dowan is heavily wounded.
Dowan gestures at you while chanting. The stone arrow hits you!
You die...

..# ##.....# .... #......#
....###..#..##
.........##..##
..#...........#
#..........## #
##..........# .#.#
#..#..)e...####....#.
##.....@.............
#####................... .
.####..............##......#
. ...#..............##
......# .
#........)..#.....# .......
. ###........####...#
#...... .##
#..........##.... ......
..###..#..............
e.#... #......#........##...


You could see Dowan (fast).

Vanquished Creatures
  Duvessa (D:4)
  An ice beast (D:4)
  A hound (D:3)
  An orc wizard (D:3)
  3 adders
  3 gnolls (D:4)
  An ufetubus (D:4)
  A worm (D:3)
  2 dart slugs
  4 orcs (D:3)
  2 bats (D:2)
  4 endoplasms
  5 giant cockroaches
  9 hobgoblins
  7 jackals
  5 kobolds
  A quokka (D:3)
  3 ball pythons
  3 goblins
  10 rats
67 creatures vanquished.

Notes
Turn   | Place    | Note
-------+----------+-------------------------------------------
     0 | D:1      | KittyFluff the Gargoyle Berserker began the quest for the
                  | Orb.
     0 | D:1      | Reached XP level 1. HP: 14/14 MP: 1/1
     3 | D:1      | Noticed an electric eel
     4 | D:1      | Noticed an electric eel
   263 | D:1      | Reached XP level 2. HP: 15/19 MP: 2/2
  1317 | D:2      | Found a broken altar of Ashenzari.
  1321 | D:2      | Reached XP level 3. HP: 19/23 MP: 3/3
  1359 | D:2      | Found a faded altar of an unknown god.
  1539 | D:2      | Found Kiughion's Armour Emporium.
  1771 | D:2      | Reached ** piety under Trog
  1804 | D:2      | Reached skill level 1 in Stealth
  2132 | D:3      | Reached XP level 4. HP: 29/29 MP: 4/4
  2155 | D:3      | Reached skill level 1 in Ranged Weapons
  2306 | D:3      | Reached skill level 1 in Staves
  2306 | D:3      | Reached XP level 5. HP: 30/33 MP: 5/5
  2474 | D:3      | Found a glowing silver altar of Zin.
  2745 | D:3      | Found a sparkling altar of Nemelex Xobeh.
  2745 | D:3      | Found a burning altar of Makhleb.
  2874 | D:4      | Noticed an ice beast
  2889 | D:4      | Killed an ice beast
  2890 | D:4      | Reached XP level 6. HP: 23/38 MP: 6/6
  2946 | D:4      | Noticed Duvessa
  2946 | D:4      | Noticed Dowan
  2974 | D:4      | Killed Duvessa
  2975 | D:4      | Reached skill level 4 in Fighting
  2975 | D:4      | Killed from afar by Dowan

Illustrated notes

Levels and vault maps discovered:
D:1:      arrival_aquarium_b, layout_basic
D:2:      layout_basic, serial_shops, shop, ebering_ecumenical_altar_rust,
          basic_altar
D:3:      layout_basic, mainiacjoe_overflow_tiny_flanked,
          gammafunk_temple_overflow_statue
D:4:      layout_cave_pools, cheibrodos_ashenzari_chains,
          worldfamousw_hep_ancestral_shrine, uniq_duvessa

Skill      XL: |  1  2  3  4  5  6 |
---------------+-------------------+-----
Stealth        | 1 |  1.8
Ranged Weapons | 2 |  2.9
Staves         | 1 2 |  2.9
Armour         | 3 |  3.5
Dodging        | 2 |  2.2
Fighting       | 4 |  4.0
Maces & Flails | |  3.8

Action                   |  1- 3 |  4- 6 || total
-------------------------+-------+-------++-------
Melee: Mace              |    76 |       ||    76
       Quarterstaff      |    16 |   109 ||   125
 Fire: Sling             |    27 |    13 ||    40
Invok: Berserk           |       |     1 ||     1
  Use: Scroll            |       |     4 ||     4
 Stab: Sleeping          |     2 |       ||     2
Armor: Animal skin       |    42 |    20 ||    62
       Robe              |       |    17 ||    17
Dodge: Dodged            |    90 |    62 ||   152
